 Dungeon Crawl Stone Soup version 0.31-a0-728-g01b46875f1 (webtiles) character file.

Game seed: 8953798991193616017

1486 jlumianski the Chopper (level 8, -10/50 HPs)
             Began as a Gargoyle Fighter on Sept 11, 2023.
             Was an Initiate of Okawaru.
             Mangled by a shadow (25 damage)
             ... on level 5 of the Dungeon.
             The game lasted 00:19:19 (3992 turns).

jlumianski the Chopper (Gargoyle Fighter)           Turns: 3992, Time: 00:19:20

Health: -10/50     AC: 16    Str: 27    XL:     8   Next: 80%
Magic:  8/8        EV: 10    Int: 11    God:    Okawaru [......]
Gold:   271        SH:  5    Dex:  9    Spells: 7/7 levels left

rFire   . . .        a - +0 war axe (flame)
rCold   . . .        c - +1 buckler
rNeg    + . .        i - +0 scale mail "Soivvuf" {Str+4 Int+3}
rPois   ∞            y - +2 helmet of Integrity {Will++}
rElec   +            (no cloak)
rCorr   .            (no gloves)
SInv    .            (no boots)
Will    ++...        (no amulet) Stlth
                     (no ring)
HPRegen 0.28/turn    (no ring)
MPRegen 0.11/turn

%: no passive effects
@: no status effects
A: sickness immunity, AC +5, negative energy resistance 1, electricity
resistance, torment resistance 1, petrification resistance
a: Renounce Religion


You were on level 5 of the Dungeon.
You worshipped Okawaru.
Okawaru was noncommittal.
You visited 2 branches of the dungeon, and saw 8 of its levels.

You collected 271 gold pieces.

Inventory:

Hand Weapons
 a - a +0 war axe of flaming (weapon)
 d - a +2 whip of electrocution
Missiles
 e - 75 stones
 g - 8 javelins (quivered)
 k - 3 poisoned darts
 l - 5 boomerangs
Armour
 b - a +0 scale mail
 c - a +1 buckler (worn)
 i - the +0 scale mail "Soivvuf" (worn) {Str+4 Int+3}
   (You found it on level 4 of the Dungeon)

   Str+4:     It affects your strength (+4).
   Int+3:     It affects your intelligence (+3).
 j - a +0 chain mail
 y - the +2 helmet of Integrity (worn) {Will++}
   (You found it on level 5 of the Dungeon)

   Will++:    It greatly increases your willpower.
Talismans
 p - a blade talisman
Wands
 o - a wand of charming (12)
 t - a wand of roots (6)
 x - a wand of acid (5)
Scrolls
 f - 2 scrolls of teleportation
 h - 2 scrolls of noise
 s - a scroll of immolation
 v - 3 scrolls of identify
Potions
 m - a potion of lignification
 n - a potion of attraction
 q - a potion of ambrosia
 r - a potion of invisibility
 u - a potion of curing


   Skills:
 + Level 5.5 Fighting
 + Level 6.9 Axes
 + Level 0.6 Throwing
 + Level 6.6 Armour
 - Level 1.4 Dodging
 + Level 0.5 Stealth
 + Level 4.2 Shields
 * Level 1.3 Invocations


You had 7 spell levels left.
You didn't know any spells.
Your spell library contained the following spells:

 Spells                   Type           Power      Damage    Failure   Level
 Poisonous Vapours        Pois/Air       0%         N/A       78%         2
 Mephitic Cloud           Conj/Pois/Air  0%         N/A       95%         3
 Ozocubu's Armour         Ice            0%         N/A       95%         3
 Freezing Cloud           Conj/Ice/Air   0%         6-21      100%        5
 Metabolic Englaciation   Hex/Ice        0%         N/A       100%        5
 Simulacrum               Ice/Necr       Unusable   N/A       N/A         6

Dungeon Overview and Level Annotations

Branches:
Dungeon (7/15)             Temple (1/1) D:5

Altars:
Ashenzari
Cheibriados
Dithmenos
Elyvilon
Fedhas
Gozag
Hepliaklqana
Kikubaaqudgha
Makhleb
Nemelex Xobeh
Okawaru
Qazlal
Ru
Sif Muna
Trog
Uskayaw
Vehumet
Wu Jian
Xom
Yredelemnul
Zin
The Shining One

Shops:
D:6 (:


Innate Abilities, Weirdness & Mutations

You are immune to sickness and miasma.
Your stone body is resilient. (AC +5)
You are immune to poison.
You resist negative energy. (rN+)
You are resistant to electric shocks. (rElec)
You are resistant to unholy torment.
You are immune to petrification.


Message History

You closely miss the shadow. The shadow hits you.
You hit the shadow. You burn the shadow.
The shadow is moderately damaged.
You block the shadow's attack.
You closely miss the shadow.
The shadow is moderately damaged.
The shadow hits you!
You barely miss the shadow.
The shadow is moderately damaged.
The shadow hits you.
You hit the shadow but do no damage.
The shadow is moderately damaged.
You block the shadow's attack. The shadow hits you!
You barely miss the shadow.
The shadow is moderately damaged.
The shadow hits you.
You slash the shadow! You burn the shadow.
The shadow is almost destroyed.
You block the shadow's attack.
Press: ? - help, v - describe, . - travel
Here: a shadow (almost destroyed)
The floor.
Unknown command.
Okay, then.
Okay, then.
Unknown command.
Unknown command.
You closely miss the shadow.
The shadow is almost destroyed.
The shadow hits you.
* * * LOW HITPOINT WARNING * * *
You closely miss the shadow.
The shadow is almost destroyed.
The shadow slips into darkness.
The shadow flickers and vanishes!
Deactivating autopickup; reactivate with Ctrl-A.
You closely miss something.
The shadow strikes at you from the darkness! x2
Ouch! That really hurt!
You die...

#########.##.###..###....########
.....#...........................
.....#.......[...................
.....#...........................
.....#...........................
.....#...........................
.###.###..###.###'#############.#
.###.###<.###.##..###....######.#
......'.)..#..).@{#.........#....
....<.#....#......#....<....#....
...[..#....#...[..#........##...#
......#....#......#........######
.)....#....#......#.........#
..##..###..###########+##..##
..##..###..###...###...##.).#
...#........#....')....+....####
...#........#....#)....#...##..##


There were no monsters in sight!

Vanquished Creatures
  Pikel (D:5)
  A water moccasin (D:5)
  A black bear (Temple)
  3 ogres
  A lemure (D:5)
  A phantom (D:3)
  A bullfrog (D:5)
  2 scorpions (D:5)
  A howler monkey (D:6)
  A hound (D:5)
  2 iguanas
  Ijyb (D:3)
  A sleepcap (D:4)
  4 adders
  A gnoll (D:6)
  A white imp (D:6)
  3 worms
  3 dart slugs
  17 orcs
  5 bats
  4 endoplasms
  5 giant cockroaches
  2 goblins
  7 hobgoblins
  2 jackals (D:5)
  5 quokkas
  2 ball pythons (D:1)
  10 kobolds
  5 rats
93 creatures vanquished.

Notes
Turn   | Place    | Note
-------+----------+-------------------------------------------
     0 | D:1      | jlumianski the Gargoyle Fighter began the quest for the
                  | Orb.
     0 | D:1      | Reached XP level 1. HP: 14/14 MP: 1/1
   140 | D:1      | Reached XP level 2. HP: 19/19 MP: 2/2
   507 | D:1      | You fall into a shaft and drop 1 floor!
   641 | D:1      | Reached XP level 3. HP: 24/24 MP: 3/3
   963 | D:3      | Noticed Ijyb
  1158 | D:2      | Found a white marble altar of Elyvilon.
  1391 | D:3      | Reached XP level 4. HP: 29/29 MP: 4/4
  1465 | D:3      | Killed Ijyb
  1506 | D:4      | Noticed a phantom
  1538 | D:3      | Killed a phantom
  1539 | D:3      | Reached XP level 5. HP: 33/33 MP: 5/5
  1960 | D:4      | Identified the +0 scale mail "Soivvuf" {Str+4 Int+3}
  2046 | D:4      | Reached XP level 6. HP: 39/39 MP: 6/6
  2065 | D:5      | Entered Level 5 of the Dungeon
  2096 | D:4      | Noticed Pikel
  2224 | D:5      | Killed Pikel
  2225 | D:5      | Reached skill level 5 in Fighting
  2225 | D:5      | Reached skill level 5 in Axes
  2225 | D:5      | Reached skill level 5 in Armour
  2225 | D:5      | Reached skill level 1 in Dodging
  2225 | D:5      | Reached XP level 7. HP: 4/44 MP: 7/7
  2500 | D:4      | Reached XP level 8. HP: 24/49 MP: 8/8
  3069 | D:5      | Identified the +2 helmet of Integrity {Will++}
  3095 | D:6      | Found Cisipryi's Antique Weapon Emporium.
  3191 | D:5      | Found a staircase to the Ecumenical Temple.
  3200 | Temple   | Entered the Ecumenical Temple
  3234 | Temple   | Became a worshipper of Warmaster Okawaru
  3566 | D:6      | Found an ornate altar of the Wu Jian Council.
  3567 | D:6      | Found an ancient bone altar of Kikubaaqudgha.
  3569 | D:6      | Found a shadowy altar of Dithmenos.
  3571 | D:6      | Found a bloodstained altar of Trog.
  3571 | D:6      | Found a stormy altar of Qazlal.
  3572 | D:6      | Found a shimmering altar of Xom.
  3620 | D:6      | Found Gyheynke's Tiny Tomes.
  3852 | D:6      | Reached skill level 1 in Invocations
  3945 | D:6      | Noticed a shadow
  3992 | D:5      | Mangled by a shadow

Illustrated notes

Levels and vault maps discovered:
D:1:      eino_arrival_cavern_a, layout_basic
D:2:      layout_rooms, basic_altar, minmay_domino_2
D:3:      layout_rooms, uniq_ijyb
D:4:      layout_loops_ring, uniq_pikel
D:5:      layout_gridville, minmay_temple_entry_statues_fountains
D:6:      layout_cave_pools, grunt_temple_overflow_open, serial_shops,
          nicolae_stop_n_shop_1, nicolae_shop_i_like_small_books_too,
          kennysheep_generic_room_16
D:7:      layout_cave_pods, chequers_big_river
Temple:   lightli_temple_of_artemis

Skill      XL: |  1  2  3  4  5  6  7  8 |
---------------+-------------------------+-----
Axes           | 2 3 5 6 |  6.9
Fighting       | 4 5 |  5.5
Armour         | 4 5 6 |  6.6
Dodging        | 1 |  1.4
Shields        | 4 |  4.2
Invocations    | 1 |  1.3
Throwing       | |  0.6
Stealth        | |  0.5

Action                     |  1- 3 |  4- 6 |  7- 9 || total
---------------------------+-------+-------+-------++-------
  Melee: War axe           |   101 |    95 |   106 ||   302
  Throw: Javelin           |     1 |       |     5 ||     6
    Use: Scroll            |       |     7 |     7 ||    14
         Potion            |       |     1 |       ||     1
 Armour: Scale mail        |    55 |    22 |    96 ||   173
         Chain mail        |    22 |    62 |       ||    84
  Dodge: Dodged            |    50 |    41 |    60 ||   151
  Block: Buckler           |    20 |    23 |    28 ||    71

Table legend: (Time is in decaauts)
 A = Elapsed time spent in this place.
 B = Non-inter-level travel time spent in this place.
 C = Inter-level travel time spent in this place.
 D = Time resting spent in this place.
 E = Time spent auto-exploring this place.
 F = Levels seen in this place.
 G = Mean time per level.
                   A        B        C        D        E       F      G
               +--------+--------+--------+--------+--------+-----+--------+
         Total |   4115 |   4038 |     77 |    381 |   1765 |   8 |  514.4 |
       Dungeon |   4068 |   3991 |     77 |    381 |   1765 |   7 |  581.1 |
        Temple |     46 |     46 |      0 |      0 |      0 |   1 |   46.0 |
               +--------+--------+--------+--------+--------+-----+--------+

Top non-repeatable levels by time:
     D:5: 1037 daAuts
     D:1: 778 daAuts
     D:4: 776 daAuts
     D:3: 617 daAuts
     D:2: 523 daAuts
     D:6: 330 daAuts
  Temple: 46 daAuts
     D:7: 4 daAuts
